 Dungeon Crawl Stone Soup version 0.29.1-2-gbd0b4ee654 (webtiles) character file.

Game seed: 3742322038344837942

49 GorkyZ the Trooper (level 3, -1/23 HPs)
             Began as a Gargoyle Fighter on Nov 23, 2022.
             Slain by a gnoll
             ... wielding a +0 club
              (2 damage)
             ... on level 3 of the Dungeon.
             The game lasted 00:03:13 (2080 turns).

GorkyZ the Trooper (Gargoyle Fighter)               Turns: 2080, Time: 00:03:13

Health: -1/23      AC: 11    Str: 21    XL:     3   Next: 75%
Magic:  3/3        EV:  9    Int:  8    God:
Gold:   37         SH:  4    Dex:  9    Spells: 2/2 levels left

rFire   . . .      SeeInvis .   a - +1 war axe
rCold   . . .      Faith    .   c - +0 buckler
rNeg    + . .      Spirit   .   b - +1 scale mail
rPois   ∞          Reflect  .   (no helmet)
rElec   +          Harm     .   (no cloak)
rCorr   .          Rampage  .   (no gloves)
Will    .....                   (no boots)
Stlth   ..........              (no amulet)
HPRegen 0.07/turn               (no ring)
MPRegen 0.08/turn               (no ring)

@: no status effects
A: sickness immunity, AC +3, negative energy resistance 1, electricity
resistance, torment resistance 1, petrification resistance
a: no special abilities


You were on level 3 of the Dungeon.
You visited 1 branch of the dungeon, and saw 3 of its levels.

You collected 37 gold pieces.

Inventory:

Hand Weapons
 a - a +1 war axe (weapon)
Armour
 b - a +1 scale mail (worn)
 c - a +0 buckler (worn)
Scrolls
 e - a scroll of fear
 g - 2 scrolls of identify
 k - a scroll of enchant armour
 m - a scroll of torment
Potions
 d - a potion of might
 f - 2 potions of curing
 h - 3 potions of flight {unknown}
 i - 2 potions of brilliance {unknown}


   Skills:
 + Level 3.6 Fighting
 + Level 2.1 Axes
 + Level 0.8 Throwing
 + Level 3.5 Armour
 + Level 0.7 Dodging
 + Level 3.5 Shields
 + Level 0.9 Evocations


You had 2 spell levels left.
You didn't know any spells.
Your spell library was empty.

Dungeon Overview and Level Annotations

Branches:
Dungeon (3/15)

Altars:


Innate Abilities, Weirdness & Mutations

You are immune to sickness and miasma.
Your stone body is resilient. (AC +3)
You are immune to poison.
You resist negative energy. (rN+)
You are resistant to electric shocks. (rElec)
You are resistant to unholy torment.
You are immune to petrification.


Message History

The gnoll is heavily wounded.
You barely miss the gnoll. The gnoll barely misses you.
You block the gnoll's attack. The gnoll hits you but does no damage.
You closely miss the gnoll. You hit the gnoll.
The gnoll hits you but does no damage.
You hit the gnoll but do no damage.
The gnoll is heavily wounded.
You slash the gnoll! You hit the gnoll. The gnoll hits you with a +0 flail.
The gnoll barely misses you. The gnoll hits you but does no damage.
You hit the gnoll.
The gnoll is almost dead.
You hit the gnoll. You barely miss the gnoll. You closely miss the gnoll.
The gnoll hits you with a +0 flail. You block the gnoll's attack.
The gnoll hits you with a +0 club. x2
* * * LOW HITPOINT WARNING * * *
The gnoll hits you with a +0 club.
* * * LOW HITPOINT WARNING * * *
The gnoll hits you with a +0 flail.
* * * LOW HITPOINT WARNING * * *
You block the gnoll's attack. The gnoll barely misses you.
You hit the gnoll.
The gnoll is almost dead.
You hit the gnoll. x2; You hit the gnoll but do no damage.
The gnoll barely misses you. The gnoll hits you but does no damage.
The gnoll hits you with a +0 club.
* * * LOW HITPOINT WARNING * * *
The gnoll hits you but does no damage.
You slash the gnoll!
You kill the gnoll!
You hit the gnoll.
You kill the gnoll!
You closely miss the gnoll. x2; The gnoll hits you with a +0 club.
* * * LOW HITPOINT WARNING * * *
The gnoll hits you but does no damage. The gnoll barely misses you.
The gnoll hits you with a +0 club.
* * * LOW HITPOINT WARNING * * *
You hit the gnoll.
The gnoll is almost dead.
You closely miss the gnoll. The gnoll hits you with a +0 club.
You die...

###############
##........<.......
###...##########....
#...#...... #
##.#>.!#...#
...........#
....[......####
#......))g....###
#.#....@g.......
..<...........##
##.#...#..†##.#
##.##...# #. #...#
#. ##### #


You could see 2 gnolls.

Vanquished Creatures
  2 gnolls (D:3)
  A worm (D:2)
  5 goblins
  4 hobgoblins
  2 quokkas
  6 ball pythons
  A bat (D:1)
  2 frilled lizards
  2 rats
25 creatures vanquished.

Notes
Turn   | Place    | Note
-------+----------+-------------------------------------------
     0 | D:1      | GorkyZ the Gargoyle Fighter began the quest for the Orb.
     0 | D:1      | Reached XP level 1. HP: 14/14 MP: 1/1
   474 | D:1      | Reached XP level 2. HP: 11/19 MP: 2/2
  1560 | D:2      | Reached XP level 3. HP: 16/23 MP: 3/3
  2079 | D:3      | HP: 1/23 [gnoll/+0 club (1)]
  2080 | D:3      | Slain by a gnoll

Illustrated notes

Levels and vault maps discovered:
D:1:      minmay_arrival_widening_spiral_narrow, layout_basic
D:2:      layout_basic
D:3:      layout_loops_ring, tso_oasis_becter, corexii_hall_statues_l

Skill      XL: |  1  2 |
---------------+-------+-----
Axes           | 2 |  2.1
Fighting       | |  3.6
Throwing       | |  0.8
Armour         | |  3.5
Dodging        | |  0.7
Shields        | |  3.5
Evocations     | |  0.9

Action                   || total
-------------------------++-------
Melee: War axe           ||    95
  Use: Scroll            ||     6
Armor: Scale mail        ||    61
Dodge: Dodged            ||    39
Block: Buckler           ||    22
